 Dungeon Crawl Stone Soup version 0.30.0 (webtiles) character file.

Game seed: 719808281384903263

10113 Myzery the Severer (level 11, -5/141 HPs)
             Began as a Minotaur Berserker on Sept 24, 2023.
             Was an Elder of Trog.
             Slain by an orc warrior
             ... wielding a +0 glaive
             ... led by an orc knight
              (9 damage)
             ... on level 1 of the Orcish Mines.
             The game lasted 00:21:01 (9022 turns).

Myzery the Severer (Minotaur Berserker)             Turns: 9022, Time: 00:21:01

Health: -5/141     AC: 18    Str: 32    XL:     11   Next: 31%
Magic:  10/10      EV:  8    Int:  4    God:    Trog [****..]
Gold:   693        SH:  5    Dex: 10    Spells: 10/10 levels left

rFire   . . .        N - +3 battleaxe
rCold   + . .        (shield currently unavailable)
rNeg    . . .        m - +0 plate armour
rPois   .            (helmet restricted)
rElec   .            O - +2 cloak
rCorr   .            l - +0 pair of gloves
SInv    .            (no boots)
Will    ++...        C - amulet of reflection Stlth
                     k - +6 ring of strength
HPRegen 1.43/turn    P - ring "Ycougerph" {rC+ Slay+3}
MPRegen 0.12/turn

%: reflection
@: berserking, strong-willed, regenerating, very quick
A: horns 2, retaliatory headbutt
a: Renounce Religion, Berserk, Trog's Hand, Brothers in Arms


You were on level 1 of the Orcish Mines.
You worshipped Trog.
Trog was greatly pleased with you.
You visited 2 branches of the dungeon, and saw 11 of its levels.

You collected 693 gold pieces.

Inventory:

Hand Weapons
 a - a +0 hand axe
 N - a +3 battleaxe (weapon)
 S - a +0 demon whip of venom
Missiles
 F - 2 throwing nets (quivered)
Armour
 l - a +0 pair of gloves (worn)
 m - a +0 plate armour (worn)
 I - a +0 ring mail of poison resistance
 K - a +2 scale mail of fire resistance
 M - a +0 buckler
 O - a +2 cloak (worn)
Jewellery
 f - a ring of ice
 k - a +6 ring of strength (left hand)
 s - a ring of ice
 C - an amulet of reflection (around neck)
 D - a ring of flight
 H - a ring of protection from cold
 J - a ring of protection from cold
 P - the ring "Ycougerph" (right hand) {rC+ Slay+3}
   (You found it on level 8 of the Dungeon)

   [ring of protection from cold]

   Slay:      It affects your accuracy & damage with ranged weapons and melee
   (+3).
   rC:        It protects you from cold.
Wands
 r - a wand of roots (5)
 V - a wand of charming (4)
Scrolls
 c - 2 scrolls of fear {unknown}
 d - a scroll of torment {unknown}
 e - 14 scrolls of identify {unknown}
 g - 3 scrolls of enchant armour {unknown}
 o - 7 scrolls of teleportation {unknown}
 t - a scroll of magic mapping {unknown}
 v - a scroll of silence {unknown}
 w - 3 scrolls of fog {unknown}
 y - a scroll of vulnerability {unknown}
 B - a scroll of brand weapon {unknown}
 E - a scroll of blinking {unknown}
 G - a scroll of noise {unknown}
 L - 2 scrolls of amnesia {unknown}
 T - 2 scrolls of enchant weapon {unknown}
 U - a scroll of poison {unknown}
Potions
 b - a potion of haste {unknown}
 h - 2 potions of magic {unknown}
 i - 3 potions of might {unknown}
 j - 3 potions of brilliance
 n - 3 potions of degeneration {unknown}
 p - a potion of mutation {unknown}
 q - 5 potions of flight {unknown}
 u - 5 potions of curing {unknown}
 x - 2 potions of cancellation {unknown}
 z - 3 potions of lignification {unknown}
 A - a potion of attraction {unknown}
 Q - a potion of invisibility {unknown}
 R - a potion of heal wounds {unknown}


   Skills:
 + Level 8.0 Fighting
 - Level 18.5 Axes
 + Level 7.5 Armour
 - Level 2.1 Dodging


You had 10 spell levels left.
You didn't know any spells.
Your spell library was empty.

Dungeon Overview and Level Annotations

Branches:
Dungeon (10/15)            Temple (0/1) D:6            Lair (0/5) D:10
    Orc (1/2) D:10

Altars:
Ashenzari
Cheibriados
Hepliaklqana
Nemelex Xobeh
Vehumet

Shops:
D:4 =   D:5 :


Innate Abilities, Weirdness & Mutations

You have a pair of horns on your head.
You reflexively headbutt those who attack you in melee.


Message History

The orc knight hits you with a +0 great sword!
* * * LOW HITPOINT WARNING * * *
You slice the orc knight!!
The orc knight is severely wounded.
You slice the orc wizard!!
You kill the orc wizard!
Trog accepts your kill.
Trog appreciates your killing of a magic user.
You closely miss the orc wizard. You slash the orc knight!
The orc knight is almost dead.
You hit the orc wizard.
The orc warrior hits you but does no damage. x2
The orc wizard barely misses you.
The orc knight hits you with a +0 great sword!!
* * * LOW HITPOINT WARNING * * *
You slice the orc knight!!
You kill the orc knight!
Trog accepts your kill.
You slice the orc wizard!!
You feel the power of Trog in you as your rage grows.
You kill the orc wizard!
Trog accepts your kill.
Trog appreciates your killing of a magic user.
Your Fighting skill increases to level 8!
The orc warrior barely misses you.
The orc warrior hits you with a +0 glaive.
* * * LOW HITPOINT WARNING * * *
You see here a +0 hand axe.
You slash the orc warrior!
The orc warrior is heavily wounded.
You slash the orc warrior! You closely miss the orc warrior.
The orc warrior is severely wounded.
You barely miss the orc warrior.
The orc warrior no longer looks unusually strong.
The orc warrior hits you with a +0 glaive!
* * * LOW HITPOINT WARNING * * *
The orc warrior hits you with a +0 glaive!
You die...

.. ....
.##....
.......
.......
.......
###..$...#
#.oo.....#
####@)......
#....)......
##...))#.....
#...<..# ##..
#.......## .
###.......
###.......
##........
#........


You could see 2 orc warriors.

Vanquished Creatures
  Amaemon (D:8)
  An orc knight (Orc:1)
  Pikel (D:4)
  A gargoyle (D:10)
  An orange demon (D:8)
  4 komodo dragons (D:10)
  Prince Ribbit (D:5)
  9 yaks
  A shadow (D:9)
  A vampire (D:10)
  Eustachio (D:4)
  2 wyverns
  2 steam dragons (D:8)
  Edmund (D:5)
  Duvessa (D:6)
  3 acid dragons
  2 water moccasins (D:7)
  2 orc warriors
  2 ice beasts
  3 centaurs (D:9)
  A phantom (D:6)
  A lemure (D:4)
  3 bullfrogs
  5 kobold brigands
  3 scorpions
  5 wights (D:6)
  Dowan (D:6)
  20 killer bees
  2 howler monkeys (D:6)
  A hound (D:7)
  7 orc priests
  3 jellies
  9 iguanas
  2 sleepcaps
  8 orc wizards
  Robin (D:2)
  14 adders
  3 gnolls (D:7)
  A white imp (D:5)
  3 worms
  A dart slug (D:2)
  42 orcs
  5 endoplasms
  2 giant cockroaches (D:4)
  15 goblins
  9 hobgoblins
  18 kobolds
  2 quokkas
  4 ball pythons
  2 bats (D:1)
  A frilled lizard (D:1)
  5 rats
239 creatures vanquished.

Notes
Turn   | Place    | Note
-------+----------+-------------------------------------------
     0 | D:1      | Myzery the Minotaur Berserker began the quest for the Orb.
     0 | D:1      | Reached XP level 1. HP: 19/19 MP: 0/0
    85 | D:1      | Reached skill level 4 in Axes
   142 | D:1      | Reached XP level 2. HP: 26/26 MP: 1/1
   158 | D:1      | Found a faded altar of an unknown god.
   629 | D:2      | Noticed Robin
   635 | D:2      | Reached skill level 5 in Axes
   636 | D:2      | Reached ** piety under Trog
   637 | D:2      | Reached XP level 3. HP: 31/31 MP: 2/2
   644 | D:2      | Killed Robin
   762 | D:2      | Reached XP level 4. HP: 36/39 MP: 3/3
   769 | D:2      | Reached skill level 6 in Axes
   882 | D:2      | Identified the +7 mace of Supply {holy, *Noise +Blink
                  | Will+++ Str-5}
  1509 | D:3      | Identified the +1 leather armour of Inference {rPois Str+4}
  1575 | D:3      | Reached skill level 7 in Axes
  1575 | D:3      | Reached XP level 5. HP: 43/45 MP: 4/4
  1965 | D:4      | Found Yhobrusu's Jewellery Shoppe.
  2017 | D:4      | Noticed a lemure
  2022 | D:4      | Noticed Pikel
  2023 | D:4      | Noticed Eustachio
  2027 | D:4      | Reached *** piety under Trog
  2029 | D:4      | Killed a lemure
  2029 | D:4      | Noticed a lemure
  2029 | D:4      | Noticed a lemure
  2030 | D:4      | Noticed a lemure
  2039 | D:4      | Killed Pikel
  2040 | D:4      | Reached skill level 10 in Axes
  2040 | D:4      | Reached XP level 6. HP: 6/51 MP: 5/5
  2040 | D:4      | Reached XP level 7. HP: 6/57 MP: 6/6
  2053 | D:4      | HP: 3/85 [Eustachio/+0 rapier (6)]
  2058 | D:4      | Killed Eustachio
  2237 | D:4      | Reached skill level 11 in Axes
  2592 | D:4      | Reached XP level 8. HP: 60/64 MP: 7/7
  3195 | D:4      | Found a hazy altar of Hepliaklqana.
  3450 | D:4      | Reached skill level 12 in Axes
  3651 | D:5      | Entered Level 5 of the Dungeon
  3678 | D:5      | Noticed Edmund
  3697 | D:5      | Killed Edmund
  3888 | D:5      | Found Usouclu's Book Shop.
  3986 | D:5      | Reached skill level 13 in Axes
  4061 | D:5      | Noticed Prince Ribbit
  4069 | D:5      | Killed Prince Ribbit
  4229 | D:5      | Reached skill level 14 in Axes
  4538 | D:6      | Noticed Duvessa
  4539 | D:6      | Noticed Dowan
  4551 | D:6      | Killed Duvessa
  4552 | D:6      | Reached XP level 9. HP: 50/70 MP: 8/8
  4557 | D:6      | Killed Dowan
  4711 | D:6      | Reached skill level 15 in Axes
  4881 | D:6      | Reached skill level 16 in Axes
  5110 | D:6      | Found a staircase to the Ecumenical Temple.
  5408 | D:6      | Found a sparkling altar of Nemelex Xobeh.
  5408 | D:6      | Found a snail-covered altar of Cheibriados.
  5601 | D:7      | Reached **** piety under Trog
  5785 | D:7      | Reached skill level 17 in Axes
  5785 | D:7      | Reached XP level 10. HP: 58/77 MP: 9/9
  5894 | D:7      | Found a broken altar of Ashenzari.
  6093 | D:8      | Identified the ring "Ycougerph" {rC+ Slay+3}
  6406 | D:8      | Noticed Amaemon
  6419 | D:8      | Killed Amaemon
  6419 | D:8      | Noticed an orange demon
  6420 | D:8      | Reached skill level 18 in Axes
  6424 | D:8      | Killed an orange demon
  7148 | D:9      | Found a radiant altar of Vehumet.
  7213 | D:9      | Reached ***** piety under Trog
  7316 | D:9      | Reached skill level 5 in Fighting
  7579 | D:9      | Reached skill level 5 in Armour
  7833 | D:10     | Entered Level 10 of the Dungeon
  7990 | D:10     | Reached XP level 11. HP: 84/91 MP: 10/10
  8395 | D:10     | Found a staircase to the Lair.
  8495 | D:10     | Received a gift from Trog
  8722 | D:10     | Found a staircase to the Orcish Mines.
  9004 | Orc:1    | Entered Level 1 of the Orcish Mines
  9005 | Orc:1    | Noticed an orc knight
  9019 | Orc:1    | Killed an orc knight
  9022 | Orc:1    | HP: 4/141 [orc warrior/+0 glaive[an orc knight] (13)]
  9022 | Orc:1    | Slain by an orc warrior

Illustrated notes

Levels and vault maps discovered:
D:1:      co_arrival_random_square_maze, layout_rooms,
          shapermc_ecumenical_altar_acropolis, item_on_display_a
D:2:      layout_rooms, uniq_robin
D:3:      layout_rooms, hangedman_glass_teeth
D:4:      layout_layer_cave, worldfamousw_hep_ancestral_shrine, serial_shops,
          shop, kennysheep_generic_room_2, uniq_eustachio, uniq_pikel
D:5:      layout_gridville, serial_shops, shop, uniq_edmund, uniq_prince_ribbit1
D:6:      layout_loops_cross, chequers_temple_overflow_statue_of_worship,
          temple_pool_b, nicolae_half_adder, uniq_duvessa
D:7:      layout_rooms, mainiacjoe_overflow_catwalk, kennysheep_generic_room_15
D:8:      layout_loops_ring, minivault_23, st_stairs_11, minivault_26,
          uniq_amaemon
D:9:      layout_basic, marbit_many_paths
D:10:     nicolae_cairo_tiling_large_dashed, layout_gridville, erik_lair_dragon
Orc:1:    cheibrodos_orc_bank, layout_diamond_mine, serial_shops,
          nicolae_shop_bloodbath_and_beyond

Skill      XL: |  1  2  3  4  5  6  7  8  9 10 11 |
---------------+----------------------------------+-----
Axes           | 4 5 7 10 11 14 17 18 | 18.5
Fighting       | 6 8 |  8.0
Armour         | 5 7 |  7.5
Dodging        | |  2.1

Action                     |  1- 3 |  4- 6 |  7- 9 | 10-12 || total
---------------------------+-------+-------+-------+-------++-------
  Melee: Hand axe          |    44 |    70 |   245 |       ||   359
         Headbutt          |     9 |    10 |    47 |    34 ||   100
         Punch             |       |     1 |     1 |       ||     2
         Battleaxe         |       |       |    40 |   165 ||   205
 Invoke: Berserk           |     1 |     1 |     2 |     2 ||     6
         Trog's Hand       |       |     1 |     2 |     2 ||     5
 Armour: Animal skin       |    10 |     2 |       |       ||    12
         Ring mail         |       |     7 |       |       ||     7
         Leather armour    |       |    11 |    19 |       ||    30
         Scale mail        |       |       |    18 |       ||    18
         Plate armour      |       |       |       |    74 ||    74
  Dodge: Dodged            |    28 |    35 |    88 |    63 ||   214
  Block: Other             |       |       |    34 |    32 ||    66
         Reflection        |       |       |     3 |     3 ||     6
         Buckler           |       |       |     4 |       ||     4
